AoeStats
← leeyoucheng1107

Arabia

508642026Analyzed
1v1 RM · 7d ago on Sep 23, 2026· 68m 12s· 2 players
Game mode
Random Map
Map size
Tiny (2 player)
Population
200
Speed
Normal
Resources
Standard
Victory
Conquest
Starting age
Dark Age
Ending age
Imperial Age
RankedLock teamsTeams togetherTeam positionsShared explorationLock speedFull tech treeHidden civsTurbo modeCheats
Victory
Defeat
🇩🇪 Burgundians · Germany
928
+13
🇹🇼 Magyars · Taiwan
868
-13
leeyoucheng1107
4:29 Loom
10:11 Feudal Age
12:46 Wheelbarrow
12:46 Double-Bit Axe
21:10 Bloodlines
24:30 Castle Age
27:49 Scale Barding Armor
29:00 Hand Cart
31:48 Husbandry
32:04 Corvinian Army
32:36 Chain Barding Armor
39:24 Imperial Age
38:11 Fletching
39:11 Elite Skirmisher
41:17 Conscription
41:21 Bodkin Arrow
40:58 Light Cavalry
47:43 Hussar
55:07 Cavalier
55:35 Horse Collar
56:08 Bow Saw
59:37 Onager
59:52 Onager
62:20 Capped Ram
charybdis37
3:44 Double-Bit Axe
6:54 Loom
9:36 Feudal Age
13:20 Fletching
17:57 Bow Saw
18:19 Arson
22:42 Wheelbarrow
24:37 Castle Age
23:03 Padded Archer Armor
23:42 Scale Mail Armor
24:56 Elite Skirmisher
25:32 Bodkin Arrow
26:32 Forging
26:38 Chain Mail Armor
28:42 Squires
32:59 Iron Casting
33:07 Ballistics
40:46 Imperial Age
40:26 Scale Barding Armor
40:39 Leather Archer Armor
43:00 Chemistry
42:44 Horse Collar
43:54 Bracer
45:06 Plate Mail Armor
45:37 Blast Furnace
53:59 Heavy Plow
55:13 Pikeman
59:26 Burgundian Vineyards
61:20 Halberdier
65:47 Sappers
66:58 Hoardings
Connection lost

Rejoining the realm…

Still unreachable

The connection could not be restored.

Session expired

The server has moved on; the page needs a fresh start.